[Event "Titled Tuesday Blitz May 25 2021"]
[White "Perez, Maximiliano"]
[Black "Maksimovic, Bojan"]
[WhiteFideId "117234"]
[BlackFideId "14408120"]
[WhiteElo "2368"]
[BlackElo "2437"]
[Result "1-0"]
[Round "08"]
[TimeControl "180+1"]
[Date "2021.05.25"]
[WhiteClock "0:00:11"]
[BlackClock "0:00:01"]

1. e4 c6 2. d4 d5 3. e5 Bf5 4. h4 h5 5. c4 e6 6. Nc3 dxc4 7. Bxc4 Nd7 8. Nge2 Ne7 9. Bg5 Nb6 10. Bb3 Qd7 11. Ng3 Bg6 12. a4 a5 13. Nge4 Ned5 14. O-O Nxc3 15. Nxc3 Bb4 16. Na2 Be7 17. Bxe7 Qxe7 18. g3 O-O 19. Qc1 Rfd8 20. Rd1 Rd7 21. Qc5 Qxc5 22. dxc5 Nd5 23. Rd2 Rad8 24. Rad1 Bf5 25. f3 Kf8 26. Nc1 Ke7 27. Bxd5 Rxd5 28. Rxd5 cxd5 29. Rd2 f6 30. f4 fxe5 31. fxe5 Bg6 32. Nb3 Ra8 33. Kf2 Be8 34. Rd4 Bg6 35. Ke3 Bc2 36. Na1 Be4 37. Nb3 Bc2 38. Na1 Be4 39. Nb3 Kd7 40. Nd2 Bc2 41. Nf3 Kc6 42. Ng5 Bf5 43. b4 axb4 44. Rxb4 Kxc5 45. Rxb7 Rxa4 46. Rxg7 Ra3+ 47. Kf2 d4 48. Rd7 Ra2+ 49. Kf3 Bg4+ 50. Ke4 Bf5+ 51. Kf3 Bg4+ 52. Ke4 1-0


[Site "https://www.chess.com"]

[Event "Titled Tuesday Blitz May 25 2021"]
[White "Pert, Richard G"]
[Black "Zhukova, Natalia"]
[WhiteFideId "404748"]
[BlackFideId "14101513"]
[WhiteElo "2623"]
[BlackElo "2485"]
[Result "1/2-1/2"]
[Round "08"]
[TimeControl "180+1"]
[Date "2021.05.25"]
[WhiteClock "0:00:03"]
[BlackClock "0:00:08"]

1. d4 Nf6 2. Bg5 d5 3. e3 Nbd7 4. Nf3 e6 5. Bd3 Bd6 6. O-O h6 7. Bh4 e5 8. dxe5 Nxe5 9. Nxe5 Bxe5 10. Nc3 c6 11. f4 Bxc3 12. bxc3 Qd6 13. Qf3 O-O 14. Rae1 Re8 15. Bxf6 Qxf6 16. e4 dxe4 17. Rxe4 Bf5 18. Rd4 Rad8 19. Rxd8 Rxd8 20. Rd1 Qxc3 21. Bxf5 Rxd1+ 22. Qxd1 Qc5+ 23. Kf1 Qxf5 24. g3 Qb5+ 25. Kg1 Qc5+ 26. Kf1 Qd5 27. Qg4 Qh1+ 28. Ke2 Qxh2+ 29. Kd3 g6 30. Qc8+ Kg7 31. Qxb7 Qxg3+ 32. Ke2 Qg2+ 33. Kd3 h5 34. Qxa7 h4 35. Qd4+ Kh7 36. Qf6 Qd5+ 37. Kc3 h3 38. Qh4+ Qh5 39. Qf6 g5 40. Qf5+ Kg7 41. Qe5+ Kg8 42. Qe8+ Kh7 43. Qe4+ Qg6 44. f5 Qf6+ 45. Kb3 h2 46. Qg2 Qh6 47. Qh1 g4 48. f6 g3 49. Qe4+ Qg6 50. Qh4+ Kg8 51. Qh3 g2 52. Qc8+ Kh7 53. Qh3+ Qh6 54. Qf5+ Qg6 55. Qh3+ Kg8 56. Qc8+ Kh7 57. Qh3+ 1/2-1/2


[Site "https://www.chess.com"]

[Event "Titled Tuesday Blitz May 25 2021"]
[White "Petriashvili, Nikoloz"]
[Black "Sadhwani, Raunak"]
[WhiteFideId "13611216"]
[BlackFideId "35093487"]
[WhiteElo "2430"]
[BlackElo "2514"]
[Result "0-1"]
[Round "08"]
[TimeControl "180+1"]
[Date "2021.05.25"]
[WhiteClock "0:00:09"]
[BlackClock "0:00:11"]

1. d4 c5 2. d5 e5 3. Nc3 d6 4. g3 h5 5. h4 g6 6. Bh3 Bh6 7. Bxh6 Nxh6 8. e4 a6 9. Bxc8 Qxc8 10. Qd2 b5 11. O-O-O b4 12. Nce2 a5 13. Nf3 c4 14. c3 Nd7 15. Kb1 Nc5 16. Ng5 Rb8 17. f4 Ng4 18. fxe5 Nxe5 19. Rhf1 Ncd3 20. Ka1 O-O 21. Nf4 a4 22. Nge6 bxc3 23. Qxc3 fxe6 24. dxe6 Qb7 25. Rd2 Qxe4 26. e7 Rf7 27. Rfd1 Rxe7 28. Re2 Qf3 29. Red2 Nxf4 30. gxf4 Qxc3 31. bxc3 Nd3 32. Rc2 Re1 33. Rxe1 Nxe1 34. Re2 Nd3 35. Rd2 a3 36. f5 gxf5 37. Rg2+ Kf7 38. Rg7+ Ke6 39. Re7+ Kd5 40. Re5+ Kc6 41. Rc5+ Kb6 42. Rc6+ Ka5 43. Ra6+ Kb5 44. Ra5+ Kb6 45. Ra6+ Kc5 46. Rc6+ Kb5 47. Rxc4 Rg8 0-1


[Site "https://www.chess.com"]

[Event "Titled Tuesday Blitz May 25 2021"]
[White "Polok, Kacper"]
[Black "Hebden, Mark L"]
[WhiteFideId "1137158"]
[BlackFideId "400084"]
[WhiteElo "2196"]
[BlackElo "2457"]
[Result "0-1"]
[Round "08"]
[TimeControl "180+1"]
[Date "2021.05.25"]
[WhiteClock "0:00:40"]
[BlackClock "0:01:12"]

1. e4 e5 2. Nf3 Nc6 3. Bb5 a6 4. Ba4 Nf6 5. Qe2 Be7 6. O-O b5 7. Bb3 O-O 8. c3 d5 9. d3 Re8 10. Rd1 h6 11. Nbd2 Bf8 12. Nf1 Be6 13. h3 a5 14. g4 a4 15. Bc2 Qd7 16. Ng3 g6 17. Kh2 Rad8 18. Nf5 Kh7 19. Rg1 Ng8 20. h4 Bc5 21. h5 dxe4 22. dxe4 Bc4 23. Qe1 gxf5 24. exf5 e4 25. f6 Bd3 26. Bxd3 exd3 27. Qd2 Re2 28. Ng5+ Kh8 0-1


[Site "https://www.chess.com"]

[Event "Titled Tuesday Blitz May 25 2021"]
[White "Pridorozhni, Aleksei"]
[Black "Zubov, Alexander"]
[WhiteFideId "4127870"]
[BlackFideId "14109409"]
[WhiteElo "2565"]
[BlackElo "2740"]
[Result "0-1"]
[Round "08"]
[TimeControl "180+1"]
[Date "2021.05.25"]
[WhiteClock "0:00:02"]
[BlackClock "0:00:07"]

1. e4 c5 2. Nc3 e6 3. Nf3 a6 4. d4 cxd4 5. Nxd4 b5 6. Bd3 Qb6 7. Nf3 Qc7 8. O-O Bb7 9. Re1 Be7 10. e5 f5 11. Nd4 g6 12. Bf1 Nc6 13. Nxc6 Qxc6 14. Ne2 Bc5 15. Nd4 Qd5 16. c3 Ne7 17. Bg5 Nc6 18. Nb3 Qxd1 19. Raxd1 Be7 20. Bc1 g5 21. g3 Nd8 22. Bg2 Bxg2 23. Kxg2 Rg8 24. Rd3 Nc6 25. Nd4 Na5 26. Red1 Nc4 27. Re1 Rc8 28. b3 Nb6 29. Bd2 Kf7 30. h3 h5 31. Kf1 Rc7 32. Rd1 Rgc8 33. Ne2 Nd5 34. Kg2 a5 35. Nd4 Rc5 36. Ne2 Ke8 37. Be3 R5c6 38. Bd4 a4 39. b4 a3 40. f4 Rc4 41. fxg5 Bxg5 42. Kf3 Kf7 43. h4 Bh6 44. Rb1 Rg8 45. Rb3 Ra8 46. Bc5 Re4 47. Bd4 Ke8 48. Ng1 Re1 49. Nh3 Rf1+ 50. Kg2 Ra1 51. Ng5 Rxa2+ 52. Kf3 Rb2 53. c4 bxc4 54. Bxb2 axb2 55. Rxb2 cxd3 0-1


[Site "https://www.chess.com"]

[Event "Titled Tuesday Blitz May 25 2021"]
[White "Prydun, Andriy"]
[Black "Manukyan, Artyom"]
[WhiteFideId "14145898"]
[BlackFideId "13305786"]
[WhiteElo "2033"]
[BlackElo "2034"]
[Result "0-1"]
[Round "08"]
[TimeControl "180+1"]
[Date "2021.05.25"]
[WhiteClock "0:00:02"]
[BlackClock "0:00:18"]

1. d4 d5 2. Nc3 Nf6 3. Bf4 c5 4. e3 cxd4 5. exd4 a6 6. a3 Bf5 7. Bd3 Bxd3 8. Qxd3 Nc6 9. Nce2 e6 10. Nf3 Bd6 11. Bxd6 Qxd6 12. Ng3 O-O 13. O-O b5 14. c3 Rab8 15. Rae1 Qc7 16. Ne5 a5 17. b4 Rfc8 18. f4 Ne7 19. Re3 axb4 20. axb4 g6 21. h3 Ne8 22. Ng4 Nd6 23. Rfe1 Ndf5 24. Rf3 Kg7 25. Qd2 Ra8 26. Ne5 Ra3 27. Rc1 Nxg3 28. Rxg3 Nf5 29. Rf3 Nd6 30. Qb2 Raa8 31. h4 Ne4 32. h5 Qa7 33. Rh3 Qa2 34. h6+ Kf8 35. Qxa2 Rxa2 36. Nd7+ Ke7 37. Nc5 f5 38. Re3 Ra3 39. Kf1 Ra2 40. Kg1 Rca8 41. Nd3 Rd2 42. Ne1 Raa2 43. Kf1 Rf2+ 44. Kg1 Rxf4 45. Rc2 Ra1 46. g3 Nxg3 47. Kg2 Ne4 48. Rce2 Rg4+ 49. Kh2 Rh4+ 50. Kg2 Rxh6 51. Nf3 Rhh1 52. Ne5 g5 53. Nf3 g4 54. Ne1 Rh6 55. Nd3 Rah1 0-1


[Site "https://www.chess.com"]

[Event "Titled Tuesday Blitz May 25 2021"]
[White "Quintin Navarro, Alberto"]
[Black "Zia, Tahsin Tajwar"]
[WhiteFideId "2292688"]
[BlackFideId "10211888"]
[WhiteElo "2289"]
[BlackElo "1800"]
[Result "1-0"]
[Round "08"]
[TimeControl "180+1"]
[Date "2021.05.25"]
[WhiteClock "0:00:52"]
[BlackClock "0:00:02"]

1. c4 Nf6 2. Nf3 g6 3. g3 Bg7 4. Bg2 O-O 5. O-O d6 6. Nc3 c6 7. d3 e5 8. Rb1 Be6 9. b4 Qc8 10. b5 Bh3 11. Ba3 Bxg2 12. Kxg2 c5 13. Bb2 Nbd7 14. Ne1 Re8 15. e4 Nf8 16. Nc2 Ne6 17. Nd5 Nd4 18. Bxd4 exd4 19. Nxf6+ Bxf6 20. Ne1 h5 21. h4 Qg4 22. Qxg4 hxg4 23. f4 Kg7 24. a4 Bd8 25. Nc2 Ba5 26. f5 Bd2 27. Rf2 Bh6 28. Rbf1 f6 29. fxg6 Re6 30. h5 Bg5 31. a5 Rh8 32. Rh1 Rh6 33. a6 b6 34. Rf5 Re5 35. Ne1 Rh8 36. Kf2 Be3+ 37. Kf1 Rxf5+ 38. exf5 Re8 39. Ng2 Bg5 40. Kf2 Re5 41. Re1 Rxf5+ 42. Nf4 Bxf4 43. Re7+ Kh6 44. Rh7+ Kg5 45. g7 Be3+ 46. Ke2 Rf2+ 47. Ke1 Rh2 48. g8=Q+ Kf5 49. Qd5# 1-0


[Site "https://www.chess.com"]

[Event "Titled Tuesday Blitz May 25 2021"]
[White "Quparadze, Giga"]
[Black "Asis Gargatagli, Hipolito"]
[WhiteFideId "13602250"]
[BlackFideId "2260735"]
[WhiteElo "2658"]
[BlackElo "2557"]
[Result "1-0"]
[Round "08"]
[TimeControl "180+1"]
[Date "2021.05.25"]
[WhiteClock "0:01:51"]
[BlackClock "0:00:07"]

1. e4 e5 2. Nf3 Nc6 3. Bb5 a6 4. Ba4 Nf6 5. Nc3 Bc5 6. O-O O-O 7. Bxc6 dxc6 8. Nxe5 Re8 9. Nd3 Bg4 10. Qe1 Bd4 11. e5 Bf5 12. Qe2 Nd7 13. Qf3 Bg6 14. Ne4 Nxe5 15. Nxe5 Bxe5 16. d3 Qh4 17. g3 Qh3 18. Bf4 Bh5 19. Qg2 Qxg2+ 20. Kxg2 Bxf4 21. gxf4 f6 22. Rfe1 Bf7 23. f5 Re5 24. Ng3 Rae8 25. Rxe5 Rxe5 26. c4 c5 27. f4 Re3 28. Rd1 Be8 29. Kf2 Re7 30. Ne4 b6 31. Re1 Kf8 32. Rd1 Bd7 33. Ng3 a5 34. b3 Ke8 35. Rd2 Bc6 36. Rd1 Bd7 37. Rg1 Kf8 38. a3 Bc6 39. Rd1 Rd7 40. Ke3 1-0


[Site "https://www.chess.com"]

[Event "Titled Tuesday Blitz May 25 2021"]
[White "Rasulov, Vugar"]
[Black "Kretov, Evgenij"]
[WhiteFideId "13402390"]
[BlackFideId "4167821"]
[WhiteElo "2553"]
[BlackElo "2381"]
[Result "0-1"]
[Round "08"]
[TimeControl "180+1"]
[Date "2021.05.25"]
[WhiteClock "0:01:33"]
[BlackClock "0:01:26"]

1. Nf3 c5 2. b3 Nf6 3. Bb2 e6 4. c4 b6 5. g3 Bb7 6. Bg2 Be7 7. O-O d6 8. d4 cxd4 9. Qxd4 a6 10. Nc3 Nbd7 11. Rad1 O-O 12. e4 Qc8 13. Rfe1 Rd8 14. Qe3 h6 15. h3 Rb8 16. Nd4 Nc5 17. Rc1 Ba8 18. b4 Ncd7 19. Nd5 exd5 20. cxd5 Qb7 21. Nc6 Re8 22. e5 dxe5 23. d6 Bxd6 24. Ne7+ Rxe7 25. Bxb7 Bxb7 26. a3 Rbe8 27. Red1 Bb8 28. a4 Nd5 29. Qb3 N7f6 30. b5 axb5 31. axb5 e4 32. Rc6 e3 33. Rxd5 exf2+ 34. Kxf2 Re2+ 35. Kf1 Re1+ 36. Kf2 R8e2+ 37. Kf3 Re3+ 38. Qxe3 Rxe3+ 39. Kxe3 Nxd5+ 40. Ke4 Bxc6 41. bxc6 Ne7 42. Bd4 Nxc6 43. Bxb6 Bxg3 44. Bc5 Nd8 45. Kf3 Bc7 46. Be3 Ne6 47. Ke4 Kh7 48. Kf5 Bd8 49. Bf2 g6+ 50. Ke4 f5+ 51. Kd5 Nf4+ 52. Kd6 Nxh3 53. Be3 Bg5 54. Bd4 Bf4+ 55. Ke6 h5 56. Bf6 Ng5+ 57. Kd5 h4 58. Bd4 h3 59. Bg1 h2 60. Bxh2 Bxh2 61. Kc6 f4 62. Kd7 f3 63. Ke8 f2 64. Kd7 f1=Q 65. Kc6 Qc4+ 66. Kd7 Qc7+ 67. Ke8 Qf7+ 68. Kd8 Ne6+ 69. Kc8 Qc7# 0-1


[Site "https://www.chess.com"]

[Event "Titled Tuesday Blitz May 25 2021"]
[White "Rostovtsev, Dmitry"]
[Black "Zierk, Steven"]
[WhiteFideId "34278320"]
[BlackFideId "2034255"]
[WhiteElo "2143"]
[BlackElo "2502"]
[Result "1-0"]
[Round "08"]
[TimeControl "180+1"]
[Date "2021.05.25"]
[WhiteClock "0:00:03"]
[BlackClock "0:00:12"]

1. e4 e6 2. d4 d5 3. Nd2 c5 4. exd5 Qxd5 5. Ngf3 cxd4 6. Bc4 Qd7 7. Nb3 Nc6 8. O-O a6 9. Nbxd4 Nxd4 10. Nxd4 Nf6 11. c3 Bd6 12. Qe2 Qc7 13. h3 b5 14. Bb3 O-O 15. Bg5 Bb7 16. Rad1 Ne4 17. Be3 Rad8 18. Bc2 Nf6 19. Bg5 Qc5 20. Bh4 Bb8 21. Nxe6 Qe7 22. Bxf6 Qxf6 23. Rxd8 Rxd8 24. Nxd8 Qxd8 25. Be4 Bc8 26. Rd1 Qc7 27. g3 g6 28. Bg2 Be6 29. Bd5 Bxh3 30. Qe8+ Kg7 31. Re1 Ba7 32. Qe5+ Qxe5 33. Rxe5 Kf8 34. Re1 Bc5 35. Bb7 Be6 36. Bxa6 b4 37. cxb4 Bxb4 38. Re4 Bc5 39. a3 Bf5 40. Re1 f6 41. Bf1 h5 42. b4 Bd6 43. Rd1 Ke7 44. Bg2 g5 45. Kf1 h4 46. gxh4 gxh4 47. Kg1 h3 48. Bf3 Bd7 49. Rd5 Bc6 50. Rd3 Bb5 51. Re3+ Be5 52. Bg4 h2+ 53. Kg2 Kd6 54. Be2 Bd7 55. Rd3+ Kc7 56. Bf3 Bb5 57. Rd2 Kb6 58. Rd5 Bc6 59. Rd3 Bb5 60. Re3 Bc4 61. Rxe5 fxe5 62. Kxh2 Kb5 63. Bd1 Bd5 64. Kg3 Kc4 65. Kg4 Kc3 66. Kf5 e4 67. Ke5 Bb7 68. b5 Kd2 69. Bb3 Ke2 70. Bd5 e3 71. fxe3 1-0


[Site "https://www.chess.com"]

[Event "Titled Tuesday Blitz May 25 2021"]
[White "Rozen, Eytan"]
[Black "Odinaev, Timur"]
[WhiteFideId "2816750"]
[BlackFideId "4163770"]
[WhiteElo "2686"]
[BlackElo "2511"]
[Result "1-0"]
[Round "08"]
[TimeControl "180+1"]
[Date "2021.05.25"]
[WhiteClock "0:00:13"]
[BlackClock "0:00:02"]

1. e4 c6 2. d4 d5 3. e5 c5 4. dxc5 e6 5. Be3 Nd7 6. f4 Bxc5 7. Bxc5 Nxc5 8. Nf3 Nh6 9. Nc3 Nf5 10. g4 Ne3 11. Bb5+ Kf8 12. Qd2 d4 13. Nxd4 Qxd4 14. Qxd4 Nxc2+ 15. Kf2 Nxd4 16. Rhd1 Nxb5 17. Rd8+ Ke7 18. Rxh8 Nxc3 19. bxc3 b6 20. Rxh7 Bb7 21. Rxg7 Rh8 22. Kg1 Kf8 23. Rg5 Ne4 24. Rh5 Rxh5 25. gxh5 Kg7 26. Rd1 Bd5 27. c4 Bxc4 28. Rd7 Bxa2 29. h6+ Kxh6 30. Rxa7 Bd5 31. Rxf7 b5 32. f5 exf5 33. Rxf5 b4 34. e6 Bxe6 35. Rb5 b3 36. Rb6 Nc5 37. Kf2 Kg7 38. Ke1 Na4 39. Rxe6 b2 40. Re7+ Kf6 41. Rb7 Nc5 42. Rb5 Nd3+ 43. Ke2 Nc1+ 44. Ke3 Na2 45. Kd2 Nc1 46. Rxb2 1-0


[Site "https://www.chess.com"]

[Event "Titled Tuesday Blitz May 25 2021"]
[White "Sadovsky, Artem"]
[Black "Praggnanandhaa R"]
[WhiteFideId "4155840"]
[BlackFideId "25059530"]
[WhiteElo "2476"]
[BlackElo "2555"]
[Result "0-1"]
[Round "08"]
[TimeControl "180+1"]
[Date "2021.05.25"]
[WhiteClock "0:00:01"]
[BlackClock "0:00:31"]

1. Nf3 Nf6 2. g3 g6 3. Bg2 Bg7 4. O-O d6 5. c4 e5 6. b3 e4 7. Ne1 Ng4 8. Nc3 e3 9. f3 Nf2 10. Qc2 Bf5 11. d3 Bd4 12. Bb2 c5 13. Nd5 O-O 14. Bxd4 cxd4 15. Qb2 Nc6 16. Nc2 Be6 17. Nxd4 Bxd5 18. cxd5 Nxd4 19. Qxd4 Re8 20. Rac1 Qa5 21. h4 h5 22. g4 hxg4 23. fxg4 Re5 24. Qf4 Qxa2 25. Rc7 Rf8 26. h5 Qxe2 27. hxg6 Qxg4 28. gxf7+ Kg7 29. Qxg4+ Nxg4 30. Bf3 Nf2 31. Re1 Nxd3 0-1


[Site "https://www.chess.com"]

[Event "Titled Tuesday Blitz May 25 2021"]
[White "Salem, A.R. Saleh"]
[Black "Khanin, Semen"]
[WhiteFideId "9301348"]
[BlackFideId "4111990"]
[WhiteElo "2659"]
[BlackElo "2521"]
[Result "1-0"]
[Round "08"]
[TimeControl "180+1"]
[Date "2021.05.25"]
[WhiteClock "0:01:52"]
[BlackClock "0:01:26"]

1. d4 Nf6 2. c4 e6 3. Nf3 d5 4. Nc3 Bb4 5. e3 O-O 6. Bd3 dxc4 7. Bxc4 c5 8. O-O Nc6 9. a3 Ba5 10. Bd3 h6 11. Bb1 cxd4 12. exd4 Bxc3 13. bxc3 b6 14. Qd3 Bb7 15. Re1 Qd5 16. c4 Qh5 17. Bb2 Rad8 18. d5 e5 19. Nxe5 Nxe5 20. Rxe5 Qh4 21. Re3 Rfe8 22. Bxf6 Rxe3 23. Qh7+ Kf8 24. Qh8# 1-0


[Site "https://www.chess.com"]

[Event "Titled Tuesday Blitz May 25 2021"]
[White "Sanal, Vahap"]
[Black "Sarana, Alexey"]
[WhiteFideId "6300545"]
[BlackFideId "24133795"]
[WhiteElo "2507"]
[BlackElo "2629"]
[Result "0-1"]
[Round "08"]
[TimeControl "180+1"]
[Date "2021.05.25"]
[WhiteClock "0:00:02"]
[BlackClock "0:00:04"]

1. d4 Nf6 2. Bf4 d5 3. Nf3 c5 4. e3 Nc6 5. Nbd2 Qb6 6. dxc5 Qxb2 7. Rb1 Qa3 8. Bb5 g6 9. Nd4 Qxc5 10. c4 Bg7 11. O-O dxc4 12. Rc1 Bd7 13. Rxc4 Qd5 14. e4 Qh5 15. Nxc6 Qxb5 16. Nd4 Qa6 17. Rc7 O-O 18. Qb3 b6 19. Be5 Rfd8 20. h3 Ne8 21. Bxg7 Nxc7 22. Bh6 Ne6 23. Nf5 Re8 24. Rc1 Rac8 25. Rxc8 Qxc8 26. Ne3 Qc1+ 27. Ndf1 Bc6 28. Qb4 Qc5 29. Qb2 Qd4 30. Qa3 Qxe4 31. Qxa7 g5 32. Qxb6 Rc8 33. Ng3 Qd4 34. Qa6 Bd7 35. Nef5 Qa1+ 36. Kh2 Re8 37. Qa3 Qf6 38. Qd3 Bc6 39. Qc4 Nf4 40. h4 Qe6 0-1


[Site "https://www.chess.com"]

[Event "Titled Tuesday Blitz May 25 2021"]
[White "Sanchez Alvares, Kelvin Antonio"]
[Black "Shkapenko, Pavel"]
[WhiteFideId "3906680"]
[BlackFideId "4151933"]
[WhiteElo "2572"]
[BlackElo "2712"]
[Result "1/2-1/2"]
[Round "08"]
[TimeControl "180+1"]
[Date "2021.05.25"]
[WhiteClock "0:00:15"]
[BlackClock "0:00:12"]

1. e4 e5 2. Nf3 Nc6 3. Bb5 Bc5 4. O-O d6 5. c3 Bd7 6. d4 Bb6 7. Bg5 Nge7 8. Re1 f6 9. Be3 O-O 10. a4 a6 11. Bc4+ Kh8 12. Nbd2 exd4 13. Nxd4 Nxd4 14. Bxd4 Bxd4 15. cxd4 Bc6 16. Nf3 d5 17. Bd3 dxe4 18. Bxe4 Bxe4 19. Rxe4 Nd5 20. Qb3 Qd7 21. Rae1 c6 22. h3 b5 23. axb5 axb5 24. Qc2 Rfe8 25. Qc5 Rxe4 26. Rxe4 Re8 27. Rxe8+ Qxe8 28. Qa7 h6 29. Qb7 Nf4 30. Qc7 Qe4 31. Nh4 Ne2+ 32. Kf1 Nxd4 33. Qc8+ Kh7 34. Nf3 Nxf3 35. gxf3 Qxf3 36. b4 Qh1+ 37. Ke2 Qe4+ 38. Kf1 h5 39. Kg1 Qxb4 40. Qxc6 Qc4 41. Qe8 Qd5 42. Qe7 Qd3 43. Kh2 Qf5 44. Kg2 Qf4 45. Qe8 Qf5 46. Qe7 Qd5+ 47. Kg1 Qe5 48. Qb4 Qd5 49. Qe7 1/2-1/2


[Site "https://www.chess.com"]

[Event "Titled Tuesday Blitz May 25 2021"]
[White "Savitski, Andrei"]
[Black "Tejedor Fuente, Enrique"]
[WhiteFideId "13506161"]
[BlackFideId "2299100"]
[WhiteElo "2718"]
[BlackElo "2602"]
[Result "0-1"]
[Round "08"]
[TimeControl "180+1"]
[Date "2021.05.25"]
[WhiteClock "0:00:05"]
[BlackClock "0:00:29"]

1. e4 c5 2. Nf3 Nc6 3. Bb5 e6 4. Bxc6 bxc6 5. d3 d6 6. e5 dxe5 7. Nxe5 f6 8. Nc4 e5 9. Nc3 Be6 10. Qf3 Qd7 11. Be3 Bd5 12. Qg3 h5 13. h4 Nh6 14. Bxh6 Rxh6 15. O-O-O Qg4 16. Qxg4 hxg4 17. Rh2 O-O-O 18. g3 Bf3 19. Re1 g5 20. Nd2 Bd5 21. h5 Bd6 22. Nde4 Be7 23. Nxd5 cxd5 24. Nd2 Bd6 25. c4 d4 26. Kc2 f5 27. f3 gxf3 28. g4 e4 29. Rhh1 f2 30. Re2 e3 31. Nf3 fxg4 32. Nxg5 g3 0-1


[Site "https://www.chess.com"]

[Event "Titled Tuesday Blitz May 25 2021"]
[White "Schmakel, Sam"]
[Black "Noboa Silva, Kevin"]
[WhiteFideId "2039311"]
[BlackFideId "3618471"]
[WhiteElo "2356"]
[BlackElo "2161"]
[Result "1-0"]
[Round "08"]
[TimeControl "180+1"]
[Date "2021.05.25"]
[WhiteClock "0:01:10"]
[BlackClock "0:00:01"]

1. d4 Nf6 2. c4 g6 3. Nc3 d5 4. Nf3 Bg7 5. e3 O-O 6. cxd5 Nxd5 7. Bc4 c6 8. e4 Nxc3 9. bxc3 c5 10. h3 Qc7 11. Bb3 cxd4 12. cxd4 Nc6 13. O-O Rd8 14. Be3 Nxd4 15. Nxd4 Bxd4 16. Bxd4 e5 17. Bxe5 Qe7 18. Bd5 Bxh3 19. Bb2 Be6 20. Qd4 f6 21. Qxf6 Qxf6 22. Bxf6 Rxd5 23. exd5 Bxd5 24. Rfe1 Rf8 25. Bg5 Bc6 26. Rad1 Rf5 27. Re7 a5 28. Rd8+ Rf8 29. Rxf8+ Kxf8 30. Rxh7 Bd5 31. a3 Bf7 32. Bd2 a4 33. Rh4 1-0


[Site "https://www.chess.com"]

[Event "Titled Tuesday Blitz May 25 2021"]
[White "Shapiro, David"]
[Black "Acor, Corey"]
[WhiteFideId "24133523"]
[BlackFideId "2024861"]
[WhiteElo "2638"]
[BlackElo "2808"]
[Result "0-1"]
[Round "08"]
[TimeControl "180+1"]
[Date "2021.05.25"]
[WhiteClock "0:01:28"]
[BlackClock "0:01:19"]

1. d4 Nf6 2. Bf4 d6 3. Nc3 g6 4. e4 Bg7 5. Qd2 h6 6. Nf3 g5 7. Bg3 Nh5 8. Bc4 Nc6 9. O-O-O g4 10. Nh4 Nxd4 11. Nf5 Nxf5 12. exf5 Bxf5 13. Qd5 Bg6 14. Qb5+ Qd7 15. Qxb7 O-O 16. Bb5 Qf5 17. Bd3 Qg5+ 18. Kb1 Rab8 19. Qc6 Rb6 20. Qxc7 Qa5 21. Bxg6 Rxb2+ 22. Kxb2 Qxc7 0-1


[Site "https://www.chess.com"]

[Event "Titled Tuesday Blitz May 25 2021"]
[White "Sjugirov, Sanan"]
[Black "Remizov, Yaroslav"]
[WhiteFideId "4189302"]
[BlackFideId "34134015"]
[WhiteElo "2472"]
[BlackElo "2367"]
[Result "0-1"]
[Round "08"]
[TimeControl "180+1"]
[Date "2021.05.25"]
[WhiteClock "0:00:02"]
[BlackClock "0:00:21"]

1. e4 c6 2. d4 d5 3. e5 c5 4. dxc5 e6 5. Nf3 Bxc5 6. Bd3 Ne7 7. c3 Ng6 8. O-O Nc6 9. Re1 O-O 10. b4 Bb6 11. Bg5 Qc7 12. Qe2 Ncxe5 13. Nxe5 Nxe5 14. Bf4 f6 15. Qc2 Nf3+ 16. gxf3 Qxf4 17. Bxh7+ Kh8 18. Bd3 Bc7 19. Nd2 Qxh2+ 20. Kf1 e5 21. Ke2 e4 22. Bxe4 Qe5 23. Rh1+ Kg8 24. f4 Qe7 25. Rag1 Bf5 26. f3 dxe4 27. fxe4 Bxf4 28. Qd3 Rad8 29. Qc4+ Be6 0-1


[Site "https://www.chess.com"]

[Event "Titled Tuesday Blitz May 25 2021"]
[White "Skatchkov, Pavel"]
[Black "Sawlin, Leonid"]
[WhiteFideId "4121848"]
[BlackFideId "4689542"]
[WhiteElo "2476"]
[BlackElo "2412"]
[Result "1-0"]
[Round "08"]
[TimeControl "180+1"]
[Date "2021.05.25"]
[WhiteClock "0:00:20"]
[BlackClock "0:00:12"]

1. d4 e6 2. c4 d5 3. Nf3 Nf6 4. g3 Be7 5. Bg2 O-O 6. O-O c6 7. Qc2 b6 8. Nbd2 Na6 9. a3 Bb7 10. e4 Rc8 11. Rd1 c5 12. exd5 exd5 13. dxc5 Nxc5 14. b4 Ne6 15. Bb2 a5 16. Qb3 Qc7 17. Rac1 dxc4 18. Nxc4 Bd5 19. Nfe5 Bxg2 20. Kxg2 axb4 21. axb4 Rfd8 22. Na5 Qb8 23. Nac6 Qb7 24. b5 Bc5 25. Qf3 Rxd1 26. Rxd1 h6 27. Rd7 Qxd7 28. Nxd7 Nxd7 29. Qd5 Ndf8 30. f4 Nc7 31. Qc4 Re8 32. Be5 Nce6 33. h4 Nd7 34. Qd5 Nxe5 35. Nxe5 Rd8 36. Qb7 Rd2+ 37. Kh3 Nd8 38. Qc8 Kh7 39. h5 Rd6 40. Nd3 Bd4 41. Nb4 Ne6 42. Nc6 Rd5 43. Kg4 Bf6 44. Qf8 Ng5 45. Qb8 Rxb5 46. fxg5 Rxg5+ 47. Kf3 Rxh5 48. Qxb6 Rg5 49. Qb1+ Rg6 50. Nb8 h5 51. Nd7 Bg5 52. Nf8+ Kh6 53. Nxg6 fxg6 54. Qb8 Bf6 55. Qh8+ Kg5 56. Qb8 Kh6 57. Ke4 g5 58. Kf5 Kh7 59. Qe8 h4 60. Qh5+ Kg8 61. Kg6 Kf8 62. Qg4 Ke7 63. Qh5 hxg3 64. Qg4 Kd6 65. Qxg3+ Kd5 66. Kf5 Kd4 67. Qg4+ Kd5 68. Qe4+ Kc5 69. Ke6 Kb5 70. Kd5 Kb6 71. Qc4 Kb7 72. Qc5 g4 73. Qc6+ Kb8 74. Kc5 g3 75. Kb6 Bd8+ 76. Ka6 g2 77. Qb7# 1-0


[Site "https://www.chess.com"]

[Event "Titled Tuesday Blitz May 25 2021"]
[White "Taboas Rodriguez, Daniel"]
[Black "SmirnovAlexandrA"]
[WhiteFideId "2208466"]
[WhiteElo "2429"]
[BlackElo "2373"]
[Result "1-0"]
[Round "08"]
[TimeControl "180+1"]
[Date "2021.05.25"]
[WhiteClock "0:01:39"]
[BlackClock "0:01:53"]

1. d4 Nf6 2. Nf3 g6 3. c4 Bg7 4. Nc3 O-O 5. e4 d6 6. Be2 e5 7. dxe5 dxe5 8. Qxd8 Rxd8 9. Bg5 Re8 10. Nd5 Nxd5 11. cxd5 c6 12. Bc4 cxd5 13. Bxd5 Nc6 14. O-O-O Be6 15. Bxe6 Rxe6 16. Rd7 Rc8 17. Kb1 b6 18. Rc1 f6 19. Be3 Bf8 20. Nd2 Re7 21. Rd6 Rec7 22. Rxf6 Be7 23. Rf3 Nd4 24. Rxc7 Rxc7 25. Bxd4 exd4 26. Rd3 Bc5 27. f4 Kf7 28. Nb3 Rd7 29. Kc2 Ke6 30. Rd1 g5 31. fxg5 Ke5 32. Kd3 Rf7 33. Nd2 Rf2 34. Nf3+ Kf4 35. Rd2 Rf1 36. Nxd4 Bxd4 37. Kxd4 Kxg5 38. Ke5 Kg6 39. Rd6+ Kf7 40. Rd7+ 1-0


[Site "https://www.chess.com"]

[Event "Titled Tuesday Blitz May 25 2021"]
[White "Terry, Renato"]
[Black "Visakh N R"]
[WhiteFideId "3803457"]
[BlackFideId "25012223"]
[WhiteElo "2581"]
[BlackElo "2428"]
[Result "1-0"]
[Round "08"]
[TimeControl "180+1"]
[Date "2021.05.25"]
[WhiteClock "0:00:19"]
[BlackClock "0:00:09"]

1. d4 Nf6 2. Bg5 d5 3. Bxf6 exf6 4. e3 Bd6 5. c4 dxc4 6. Bxc4 O-O 7. Qc2 f5 8. Nf3 c6 9. Nc3 g6 10. h4 Be6 11. Bxe6 fxe6 12. h5 Nd7 13. Qb3 Re8 14. hxg6 hxg6 15. O-O-O Qb6 16. Qc2 c5 17. d5 e5 18. e4 f4 19. Ng5 Be7 20. Ne6 Nf8 21. Rh6 Kf7 22. Rdh1 Bf6 23. Nxf8 Rxf8 24. Rh7+ Bg7 25. Qd1 Rh8 26. Qg4 Rxh7 27. Rxh7 Kg8 28. Rh1 c4 29. Rd1 Rf8 30. d6 Qxf2 31. Qe6+ Kh7 32. Rh1+ Bh6 33. Qe7+ Kg8 34. Nd1 Qxg2 35. Rxh6 f3 36. d7 c3 37. Qxf8+ Kxf8 38. d8=Q+ Kg7 39. Qh8+ 1-0


[Site "https://www.chess.com"]